Map: 16-Bit LE

Players

Terror - Winner!

  • Race: Zerg Zerg
  • League: Diamond
  • Spawn Location: 1:00

Aikanaro

  • Race: Terran Terran
  • Spawn Location: 7:00

VOD

Have the link to the VOD?

Description

Proxy Stargate

Time

  • Played on: June 16, 2018, 9:17 p.m.
  • Length: 33:27
Show
View Real Time Build Order
Export as new Build Order

Terror Zerg - Winner!

Build Orders: Hatch First 

Get SALT Encoding   

  12  0:12  Drone  
  12  0:13  Drone  
  14  0:48  Hatchery  
  13  0:54  Drone  
  14  0:59  Spawning Pool  
  14  1:00  Extractor  
  14  1:02  Drone  
  13  1:07  Drone  
  14  1:59  Queen  
  16  2:02  Zergling x8  
  20  2:23  Overlord  
  20  2:26  Spore Crawler, Extractor, Queen  
  22  2:45  Queen  
  24  2:53  Zergling x6  
  24  2:54  Zergling x2  
  24  2:56  Overlord  
  28  3:07  Metabolic Boost  
  28  3:21  Drone  
  28  3:22  Drone x5  
  34  3:44  Drone  
  34  3:45  Drone  
  36  3:58  Overlord x2  
  35  4:18  Hatchery  
  27  5:15  Drone  
  27  5:16  Drone x14  
  27  5:18  Lair  
  42  5:24  Roach Warren  
  42  5:27  Evolution Chamber  
  40  5:30  Evolution Chamber  
  39  5:36  Queen  
  41  5:46  Extractor  
  40  5:50  Extractor  
  40  5:51  Extractor, Zergling x2  
  40  5:52  Zergling x20  
  49  6:03  Baneling Nest  
  48  6:25  Glial Reconstitution  
  48  6:33  Drone  
  48  6:34  Drone  
  48  6:39  Overlord x2  
  50  6:40  Overlord  
  50  6:42  Hatchery  
  50  6:45  Zerg Missile Weapons Level 1, Zerg Ground Armor Level 1  
  49  6:49  Drone  
  49  7:36  Baneling x7  
  49  7:37  Baneling x4  
  48  7:41  Zergling x2  
  48  7:42  Roach  
  48  7:43  Overlord x3  
  51  7:58  Zergling x30  
  53  8:31  Hatchery  
  47  8:50  Drone  
  47  8:51  Drone x16  
  47  8:53  Zerg Missile Weapons Level 2  
  47  8:54  Zerg Ground Armor Level 2  
  64  9:12  Extractor x2  
  62  9:45  Queen  
  62  9:48  Queen  
  66  10:02  Hatchery  
  65  10:14  Roach  
  65  10:15  Roach x14  
  95  10:49  Drone  
  96  10:51  Overlord  
  96  10:52  Overlord x2  
  94  11:07  Baneling  
  94  11:08  Baneling x13  
  94  11:09  Roach  
  94  11:10  Roach x6  
  94  11:11  Roach  
  106  11:26  Centrifical Hooks  
  84  11:37  Zergling x2  
  84  11:38  Zergling x14  
  76  11:43  Ravager x3  
  76  11:44  Ravager  
  76  11:45  Zergling x2  
  81  12:07  Zergling x2  
  81  12:08  Zergling x10  
  87  12:24  Hatchery  
  86  12:32  Zergling x2  
  86  12:33  Zergling x28  
  101  12:39  Hydralisk Den, Zerg Melee Weapons Level 1  
  100  12:44  Baneling  
  100  12:45  Baneling x18  
  100  12:48  Roach x5  
  78  13:21  Drone  
  78  13:22  Drone x11  
  90  13:55  Queen  
  92  14:09  Grooved Spines  
  92  14:11  Queen  
  92  14:12  Infestation Pit  
  92  14:17  Queen  
  95  14:26  Hydralisk x15  
  95  14:29  Overlord x3  
  125  14:40  Hatchery  
  124  15:12  Ravager  
  124  15:13  Ravager x3  
  128  15:15  Zergling x24  
  128  15:16  Zergling x18  
  149  15:33  Hive  
  149  15:42  Zerg Melee Weapons Level 2  
  149  15:45  Muscular Augments  
  149  15:46  Tunneling Claws  
  149  15:52  Overlord  
  149  15:53  Overlord x2  
  149  15:57  Hydralisk x3  
  155  16:13  Baneling x9  
  155  16:14  Baneling x13  
  155  16:17  Drone  
  155  16:18  Drone x17  
  173  16:19  Drone  
  174  16:50  Zerg Missile Weapons Level 3  
  174  16:52  Extractor  
  173  16:54  Spire  
  173  16:58  Extractor  
  161  17:32  Roach x9  
  96  17:51  Hydralisk  
  96  17:52  Hydralisk x20  
  96  17:54  Zergling x8  
  142  18:07  Hydralisk x4  
  142  18:08  Hydralisk x3  
  156  18:19  Queen  
  158  18:24  Roach x7  
  152  18:51  Queen  
  154  19:01  Greater Spire  
  154  19:08  Adrenal Glands  
  154  19:11  Ultralisk Cavern  
  154  19:12  Queen  
  155  19:26  Queen  
  157  19:37  Extractor  
  157  19:38  Overlord x4  
  156  19:40  Zerg Melee Weapons Level 3, Zerg Ground Armor Level 3  
  156  19:45  Extractor  
  156  19:46  Extractor  
  154  20:07  Hatchery  
  153  20:23  Chitinous Plating  
  153  20:25  Zerg Flyer Weapons Level 1  
  153  20:29  Spire  
  152  20:35  Extractor  
  152  20:38  Ravager x4  
  152  20:39  Ravager x2  
  152  20:40  Ravager  
  152  20:41  Ravager  
  159  21:43  Viper x4  
  159  21:44  Viper  
  180  21:47  Ultralisk x4  
  198  22:00  Lurker Den  
  197  22:07  Nydus Network  
  196  22:08  Zerg Flyer Armor Level 1  
  196  22:39  Drone x4  
  196  22:40  Evolution Chamber  
  196  22:41  Evolution Chamber  
  196  22:42  Evolution Chamber  
  197  23:28  Overseer  
  197  23:31  Pneumatized Carapace  
  136  25:50  Corruptor x5  
  136  25:51  Swarm Host  
  136  25:52  Swarm Host x3  
  136  25:53  Swarm Host  
  136  25:54  Swarm Host x2  
  173  25:57  Ultralisk x3  
  173  25:58  Ultralisk x2  
  173  25:59  Zergling x6  
  103  26:48  Corruptor x3  
  103  26:49  Corruptor x26  
  103  26:52  Hydralisk x5  
  183  26:55  Zergling x22  
  183  26:56  Zergling x8  
  105  27:54  Brood Lord  
  105  27:55  Brood Lord x4  
  105  27:56  Zergling x2  
  105  27:57  Zergling x28  
  128  28:05  Extractor x2  
  127  28:10  Hatchery  
  106  28:27  Brood Lord  
  106  28:28  Brood Lord  
  110  28:34  Zergling x2  
  110  28:35  Zergling x24  
  127  28:53  Hydralisk  
  127  28:54  Hydralisk x2  
  128  29:24  Drone x13  
  140  29:27  Hatchery  
  140  29:30  Hatchery  
  139  30:15  Extractor  
  138  30:27  Drone x18  
  138  30:28  Drone x4  
  160  30:46  Hatchery  
  159  31:10  Zerg Flyer Weapons Level 2  
  159  31:20  Extractor  
  159  31:25  Extractor  
  157  31:37  Drone x8  
  157  31:38  Drone x2  
  167  31:42  Ultralisk x3  
  167  31:43  Ultralisk  
  191  31:47  Hydralisk  
  191  31:48  Hydralisk x3  
  199  32:11  Extractor  
  199  32:13  Extractor  
Show
View Real Time Build Order
Export as new Build Order

Aikanaro Terran 

Build Orders: MMM Bio 

Get SALT Encoding   

  12  0:10  SCV  
  13  0:21  Supply Depot  
  13  0:28  SCV  
  14  0:31  Refinery  
  14  0:47  Supply Depot  
  14  0:52  Barracks  
  14  0:57  SCV  
  15  1:30  Barracks  
  15  1:32  SCV  
  16  1:44  SCV, Marine  
  18  1:54  Refinery  
  18  1:59  SCV  
  19  2:01  Marine  
  20  2:16  SCV  
  20  2:19  Marine  
  22  2:28  Factory, Marine  
  23  2:33  SCV  
  24  2:37  Reaper  
  25  2:46  Marine  
  25  2:49  SCV  
  27  2:54  Supply Depot  
  27  2:59  Engineering Bay  
  27  3:05  Barracks Tech Lab  
  27  3:12  Marine  
  28  3:15  Cyclone  
  31  3:23  Supply Depot  
  31  3:26  Combat Shields  
  31  3:29  Marine  
  31  3:31  Barracks Tech Lab  
  32  3:45  Orbital Command  
  32  3:53  Widow Mine  
  34  4:12  Starport  
  29  4:36  Marine x2  
  31  4:45  Cyclone  
  34  4:48  SCV  
  34  4:51  Terran Infantry Armor Level 1  
  35  4:54  Reaper  
  35  4:55  Stimpack  
  36  5:02  Medivac  
  36  5:04  SCV  
  39  5:08  Marine  
  40  5:23  Factory Tech Lab  
  40  5:26  Marine  
  41  5:38  Marine  
  42  5:45  SCV  
  42  5:48  Factory  
  43  5:50  Barracks  
  43  5:51  Marine  
  43  5:56  Siege Tank  
  47  6:03  Marine  
  48  6:05  Concussive Shells  
  48  6:09  Marine  
  49  6:21  Marine  
  50  6:27  Marine  
  51  6:34  Medivac  
  53  6:41  Barracks Tech Lab  
  53  6:46  Factory Tech Lab  
  53  6:48  Command Center  
  53  7:03  Siege Tank  
  54  7:54  Marine x2  
  54  7:55  Marine  
  54  7:58  Siege Tank x2  
  63  8:02  SCV  
  64  8:06  Refinery  
  64  8:07  SCV  
  64  8:12  Marauder  
  69  8:13  Marauder x2  
  69  8:14  SCV  
  69  8:17  Supply Depot  
  69  8:19  SCV  
  47  8:43  Marine x2  
  47  8:44  Marine  
  50  8:50  Hellion x2  
  50  8:55  Orbital Command  
  54  8:58  SCV  
  55  9:03  Medivac  
  57  9:10  SCV  
  57  9:11  Cyclone x2  
  64  9:22  Starport  
  64  9:28  Terran Infantry Weapons Level 1  
  64  9:30  SCV  
  65  9:32  Medivac  
  67  9:42  SCV  
  67  9:43  Refinery  
  67  9:45  SCV  
  69  9:55  Liberator  
  69  9:57  SCV  
  70  10:10  Starport Tech Lab, Supply Depot  
  73  10:14  Marine  
  73  10:15  Marine x2  
  73  10:19  Widow Mine x2  
  80  10:39  Marine x2  
  80  10:40  Marine, Siege Tank x2  
  89  10:51  Starport, Banshee  
  92  10:57  Marine x2  
  92  11:02  Marine  
  93  11:17  Marine  
  94  11:22  Marine x2  
  68  12:04  Marine x3  
  68  12:09  Siege Tank x2  
  74  12:18  Medivac x2  
  74  12:19  Medivac  
  74  12:22  Marauder  
  84  12:23  Marauder x2  
  86  12:41  Liberator x2, Siege Tank x2  
  86  12:42  Command Center  
  93  13:08  Marine  
  93  13:10  Marine  
  93  13:11  Marine  
  77  13:25  Cloaking Field  
  77  13:30  Siege Tank  
  77  13:31  Siege Tank  
  77  13:32  Marine x2  
  77  13:33  Marine  
  86  13:44  Barracks  
  86  13:58  Marauder  
  86  13:59  Marauder x2  
  92  14:12  SCV  
  92  14:16  Armory  
  93  14:24  SCV, Starport Tech Lab  
  93  14:25  Starport Tech Lab  
  93  14:28  Marine x2  
  93  14:29  Marine  
  97  14:33  Siege Tank x2  
  97  14:37  SCV  
  104  14:49  Orbital Command  
  104  14:54  Refinery  
  104  14:56  Refinery  
  104  15:03  Supply Depot  
  104  15:05  Hellion, Marine x2  
  109  15:10  Barracks Tech Lab  
  108  15:23  Supply Depot  
  108  15:24  Terran Vehicle Weapons Level 1  
  108  15:25  Hellion, Raven  
  112  15:41  SCV  
  113  15:53  SCV  
  114  15:59  Terran Infantry Armor Level 2  
  114  16:04  Armory  
  114  16:05  Supply Depot  
  114  16:10  Thor  
  120  16:18  Marine x2  
  120  16:19  Factory, Marine x2  
  124  16:26  Thor  
  78  18:06  Marine  
  78  18:07  Marine x3  
  82  18:25  Marauder x4  
  90  18:36  Siege Tank x2  
  57  18:56  SCV  
  58  19:04  Marine x3  
  58  19:05  Marine  
  58  19:08  Thor x2  
  58  19:09  SCV  
  75  19:11  Factory Tech Lab  
  75  19:19  Medivac  
  75  19:20  Medivac x2  
  75  19:21  SCV  
  82  19:51  Cyclone, Siege Tank  
  88  20:18  Marine x2  
  88  20:19  Marine x2  
  92  20:23  Cyclone  
  95  20:54  Fusion Core  
  95  20:59  Terran Vehicle And Ship Armor Level 1  
  95  21:01  Terran Ship Weapons Level 1  
  95  21:03  Terran Infantry Weapons Level 2  
  95  21:44  Factory Tech Lab  
  95  21:45  Siege Tank x2  
  101  21:55  Marine  
  101  21:56  Marine x2  
  101  21:57  Marine  
  105  22:06  Battlecruiser x2  
  105  22:07  Battlecruiser  
  123  22:14  Marauder x3  
  123  22:15  Marauder  
  131  22:31  Orbital Command  
  131  22:35  Marine x2  
  133  22:41  Supply Depot  
  133  22:43  Supply Depot  
  133  22:58  Terran Vehicle Weapons Level 2  
  133  23:01  Terran Ship Weapons Level 2  
  133  23:02  Cyclone x2, Marine x2  
  133  23:03  Supply Depot  
  133  23:04  Thor  
  147  24:06  Supply Depot  
  147  24:07  Battlecruiser  
  147  24:08  Refinery  
  153  24:12  Refinery  
  153  24:15  Marine x3  
  153  24:16  Marine  
  157  24:27  Thor  
  163  24:56  Supply Depot  
  163  24:58  Supply Depot  
  163  25:10  Thor  
  159  25:19  Thor  
  163  25:30  Battlecruiser  
  162  25:36  Battlecruiser  
  144  25:58  Marine x2  
  144  25:59  Marine x2  
  144  26:02  Cyclone x2  
  144  26:03  Cyclone  
  133  26:34  Siege Tank  
  133  26:35  Siege Tank x2  
  127  27:06  Siege Tank  
  127  27:07  Siege Tank x2  
  136  27:12  Marine x2  
  136  27:13  Marine x2  
  140  27:30  Marauder  
  140  27:31  Marauder x2  
  140  27:32  Marauder  
  140  27:33  Supply Depot  
  88  27:44  Command Center  
  80  27:51  Marine  
  80  27:52  Marine x3  
  83  28:18  Refinery  
  72  28:21  Refinery  
  43  28:53  Marine  
  43  28:54  Marine x3  
  30  29:05  SCV  
  31  29:11  Marine x2  
  31  29:12  Marine x2  
  35  29:17  SCV  
  36  29:30  Medivac x2  
  36  29:31  Medivac  
  42  29:37  Thor  
  48  29:46  Marine x4  
  52  30:00  Medivac x2  
  52  30:01  Medivac  
  52  30:03  Orbital Command  
  58  30:14  Terran Vehicle And Ship Armor Level 2  
  58  30:15  Supply Depot  
  58  30:23  Marine x2  
  58  30:24  Marine x2  
  62  30:53  Marine  
  62  30:54  Marine x3  
  66  31:00  Battlecruiser  
  72  31:11  Marine x2  
  72  31:12  Marine x2  
  76  31:30  Marine x2  
  76  31:31  Marine x2  
  80  31:39  Thor  
  86  32:02  Orbital Command  
  86  32:12  Marine x4  
  90  32:19  Siege Tank  
  90  32:20  Siege Tank  
  96  32:34  SCV  
  97  32:46  SCV  
  89  33:02  Refinery  
Tags
 
Composition
MMM Bio
League
Diamond
Matchup
TvZ
Spawn Locations
Cross Positions
Add a new tag
Caveats
  • Supply blocks, unpowered buildings, or Contaminate may cause inaccurate times.
  • Supply counts are checked every 10 seconds.